 Dungeon Crawl Stone Soup version 0.27-a0-1051-g288ea87c7c (webtiles) character file.

Game seed: 9178078570542748105

40 jasper the Skirmisher (level 3, -4/29 HPs)
             Began as a Demonspawn Artificer on Apr 20, 2021.
             Slain by a gnoll
             ... wielding a +0 spear
              (7 damage)
             ... on level 2 of the Dungeon.
             The game lasted 00:03:50 (1675 turns).

jasper the Skirmisher (Demonspawn Artificer)        Turns: 1675, Time: 00:03:50

Health: -4/29      AC:  7    Str: 12    XL:     3   Next: 30%
Magic:  3/3        EV:  9    Int: 13    God:
Gold:   55         SH:  0    Dex: 13    Spells: 2/2 levels left

rFire    . . .     SeeInvis .   j - +0 short sword
rCold    . . .     Faith    .   (no shield)
rNeg     . . .     Spirit   .   c - +0 scale mail
rPois    .         Reflect  .   (no helmet)
rElec    .         Harm     .   (no cloak)
rCorr    .         Rampage  .   (no gloves)
Will     .....                  g - +0 pair of boots
Stlth    ..........             (no amulet)
HPRegen  0.09/turn              (no ring)
MPRegen  0.08/turn              (no ring)

@: very slightly contaminated
A: claws 1
a: no special abilities


You were on level 2 of the Dungeon.
You visited 1 branch of the dungeon, and saw 2 of its levels.

You collected 55 gold pieces.

Inventory:

Hand Weapons
 a - a +0 club
 j - a +0 short sword (weapon)
Missiles
 i - 11 poisoned darts (quivered)
 k - 19 stones
Armour
 b - a +0 leather armour
 c - a +0 scale mail (worn)
 g - a +0 pair of boots (worn)
Wands
 d - a wand of charming (15)
Scrolls
 h - 2 scrolls of teleportation
Potions
 f - a potion of haste
Miscellaneous
 e - a piece from Xom's chessboard (4/15)


   Skills:
 + Level 3.3 Fighting
 - Level 1.7 Armour
 - Level 0.8 Dodging
 - Level 0.8 Stealth
 - Level 3.0 Evocations


You had 2 spell levels left.
You didn't know any spells.
Your spell library was empty.

Dungeon Overview and Level Annotations

Branches:
Dungeon (2/15)

Altars:

Annotations:
D:2 Sigmund


Innate Abilities, Weirdness & Mutations

You have sharp fingernails.


Message History

Sigmund barely misses you.
You hit Sigmund.
Sigmund is heavily wounded.
You make a move on Xom's chessboard...
Sigmund appears confused.
You make a move on Xom's chessboard...
Sigmund twists and deforms.
You make a move on Xom's chessboard...
Sigmund falls asleep!
The helpless Sigmund fails to defend himself.
You hit Sigmund.
Sigmund is heavily wounded.
Sigmund closely misses you.
You catch the helpless Sigmund completely off-guard!
You hit Sigmund.
Sigmund is severely wounded.
Sigmund chortles and stares into space.
Sigmund hits you with a +0 scythe.
* * * LOW HITPOINT WARNING * * *
You take 4 damage, and have 1/29 hp.
You hit Sigmund.
Sigmund is almost dead.
Sigmund closely misses you.
You make a move on Xom's chessboard...
Sigmund seems to slow down.
You make a move on Xom's chessboard...
Sigmund struggles to resist.
You make a move on Xom's chessboard...
Sigmund seems to slow down.
You make a move on Xom's chessboard...
Sigmund flickers and vanishes!
Deactivating autopickup; reactivate with Ctrl-A.
You can't see anything.
Try to make a move anyway?
Okay, then. 2 gnolls come into view.
A gnoll is wielding a +1 flail of protection.
You flicker for a moment.
The gnoll shouts! x2; You hear a shout!
A gnoll comes into view. It is wielding a +0 spear.
The gnoll shouts!
The gnoll shouts! x2
The gnoll hits you but does no damage.
The gnoll shouts! x2
The gnoll shouts!
You flicker back into view.
The gnoll hits you from afar with a +0 spear!
You die...

#.# # .# ##.# #... #..#
..#. #..# ...#### #..#
.### ......########..#
.... #.#...........# .....
####.#..#######..# .....
#..@.gg.#######..###
......#...g...............
.$....#<.......##.###..###
.......รท......>...#
#..### #.######<.......###
#..... #.######.......##
##.### #..............#
####.# ##############.#
##....# #.####.###.###


You could see 3 gnolls.

Vanquished Creatures
  2 dart slugs
  4 bats
  A goblin (D:1)
  3 hobgoblins
  5 jackals (D:1)
  2 kobolds
  A quokka (D:1)
  8 ball pythons
  5 frilled lizards
  3 rats (D:1)
34 creatures vanquished.

Vanquished Creatures (others)
  4 fungi (D:1)
  A plant (D:1)
5 creatures vanquished.

Grand Total: 39 creatures vanquished

Notes
Turn   | Place    | Note
-------+----------+-------------------------------------------
     0 | D:1      | jasper the Demonspawn Artificer began the quest for the
                  | Orb.
     0 | D:1      | Reached XP level 1. HP: 15/15 MP: 1/1
   214 | D:1      | Gained mutation: You have sharp fingernails. [demonic
                  | ancestry]
   214 | D:1      | Reached XP level 2. HP: 17/22 MP: 2/2
   949 | D:1      | Found a faded altar of an unknown god.
  1374 | D:1      | Reached XP level 3. HP: 25/29 MP: 3/3
  1601 | D:2      | Noticed Sigmund
  1652 | D:2      | HP: 1/29 [Sigmund/+0 scythe (4)]
  1675 | D:2      | Slain by a gnoll

Illustrated notes

Levels and vault maps discovered:
D:1:      elethiomel_arrival_shortcut, layout_rooms,
          shapermc_ecumenical_altar_mp_urbaneastern, roderic_roman_lattice
D:2:      layout_loops_ring, uniq_terence, uniq_sigmund

Skill      XL: |  1  2 |
---------------+-------+-----
Fighting       | 2 3 |  3.3
Armour         | |  1.7
Dodging        | |  0.8
Stealth        | |  0.8
Evocations     | |  3.0

Action                   || total
-------------------------++-------
Melee: Club              ||    57
       Short sword       ||    78
Throw: Dart              ||    18
Evoke: Wand              ||    15
       Piece from Xom's  ||    13
  Use: Scroll            ||     2
       Potion            ||     1
 Stab: Invisible         ||     1
       Sleeping          ||     1
Armor: Leather armour    ||     4
       Scale mail        ||    73
Dodge: Dodged            ||    92

Table legend: (Time is in decaauts)
 A = Elapsed time spent in this place.
 B = Non-inter-level travel time spent in this place.
 C = Inter-level travel time spent in this place.
 D = Time resting spent in this place.
 E = Time spent auto-exploring this place.
 F = Levels seen in this place.
 G = Mean time per level.
                   A        B        C        D        E       F      G
               +--------+--------+--------+--------+--------+-----+--------+
         Total |   1701 |   1686 |     15 |    490 |    805 |   2 |  850.5 |
       Dungeon |   1701 |   1686 |     15 |    490 |    805 |   2 |  850.5 |
               +--------+--------+--------+--------+--------+-----+--------+

Top non-repeatable levels by time:
     D:1: 1485 daAuts
     D:2: 215 daAuts
